 Dungeon Crawl Stone Soup version 0.26.1-11-gd32895ea62 (webtiles) character file.

Game seed: 15390991417532798378

20 Descartes the Ruffian (level 2, -15/29 HPs)
             Began as a Troll Chaos Knight on June 3, 2021.
             Was a Plaything of Xom.
             Killed from afar by a fire dragon (glowing shapeshifter) (44 damage)
             ... with a blast of flame
             ... on level 2 of the Dungeon.
             The game lasted 00:01:19 (839 turns).

Descartes the Ruffian (Troll Chaos Knight)           Turns: 839, Time: 00:01:19

Health: -15/29     AC:  9    Str: 19    XL:     2   Next: 58%
Magic:  1/1        EV: 14    Int:  8    God:    Xom [....*.]
Gold:   26         SH:  0    Dex:  9    Spells: 1/1 levels left

rFire    . . .     SeeInvis .     - Unarmed
rCold    . . .     Faith    .   (no shield)
rNeg     . . .     Spirit   .   a - +2 robe
rPois    .         Reflect  .   (helmet restricted)
rElec    .         Harm     .   h - +0 cloak
rCorr    .         Rampage  .   (gloves unavailable)
Will     .....                  (boots unavailable)
Stlth    +++.......             (no amulet)
HPRegen  0.49/turn              g - +4 ring of evasion
MPRegen  0.07/turn              (no ring)

@: especially stealthy
A: large, unfitting armour, claws 3, regeneration 1, shaggy fur 1, tough skin 3
a: Renounce Religion


You were on level 2 of the Dungeon.
You worshipped Xom.
You were a beloved toy of Xom.
You visited 1 branch of the dungeon, and saw 2 of its levels.

You collected 26 gold pieces.

Inventory:

Missiles
 d - 36 stones (quivered)
 e - 17 sling bullets
Armour
 a - a +2 robe (worn)
 h - a +0 cloak (worn)
Jewellery
 g - a +4 ring of evasion (left claw)
Scrolls
 b - 2 scrolls of remove curse {unknown}
 i - a scroll of fear {unknown}
Potions
 c - a potion of flight {unknown}
 f - 2 potions of might {unknown}


   Skills:
 + Level 2.6 Fighting
 + Level 2.1 Dodging
 * Level 3.5 Unarmed Combat


You had one spell level left.
You didn't know any spells.
Your spell library was empty.

Dungeon Overview and Level Annotations

Branches:
Dungeon (2/15)

Altars:


Innate Abilities, Weirdness & Mutations

You are too large for most types of armour.
You have claws for hands.
Your natural rate of healing is unusually fast.
You are covered in fur. (AC +1)
You have extremely tough skin. (AC +3)


Message History

The swamp worm is heavily wounded.
The swamp worm bites you!
You completely miss the swamp worm.
The swamp worm is heavily wounded.
The swamp worm changes into a great orb of eyes!
You scratch the great orb of eyes but do no damage. "Where it stops, nobody knows!"
Your surroundings suddenly seem different.
Your surroundings suddenly seem different.
Unknown command.
HP restored.
A fire dragon comes into view.
The fire dragon moves out of view.
A fire dragon is nearby! "Serve the mortal, my children!"
The fire dragon breathes flames at you. The blast of flame hits you!!!
Ouch! That really hurt!
You die...
Xom bursts into laughter!

#################
#......<..#.....##
#................##
#.................#
#.................#
#.................#
#......5@D........#
.........5....(......#
....................##
........#.....#...^.##
...........##########
...........#
..........# ......##.#
.... ..


You could see a fire dragon (catching breath), a friendly quasit (summoned) and
a friendly ufetubus (summoned).

Vanquished Creatures
  A dart slug (D:1)
  A giant cockroach (D:1)
  3 goblins (D:1)
  A hobgoblin (D:1)
  4 jackals (D:1)
  A kobold (D:1)
  A bat (D:1)
  2 frilled lizards (D:1)
  2 rats (D:1)
16 creatures vanquished.

Notes
Turn   | Place    | Note
-------+----------+-------------------------------------------
     0 | D:1      | Descartes the Troll Chaos Knight began the quest for the
                  | Orb.
     0 | D:1      | Reached XP level 1. HP: 22/22 MP: 0/0
     7 | D:1      | XOM: divination: magic mapping
    77 | D:1      | XOM: silly message
   238 | D:1      | XOM: 1-stop teleportation journey
   241 | D:1      | Reached XP level 2. HP: 29/29 MP: 1/1
   535 | D:1      | XOM: noise
   674 | D:1      | XOM: divination: detect items
   735 | D:1      | XOM: polymorph hobgoblin -> giant cockroach
   798 | D:2      | XOM: stealth player
   810 | D:2      | Noticed a glowing shapeshifter
   810 | D:2      | a kobold changed into a glowing shapeshifter
   810 | D:2      | XOM: polymorph kobold -> glowing shapeshifter
   810 | D:2      | Noticed a swamp worm
   810 | D:2      | a glowing shapeshifter changed into a swamp worm
   813 | D:2      | Noticed a great orb of eyes
   813 | D:2      | a swamp worm changed into a great orb of eyes
   814 | D:2      | XOM: 2-stop teleportation journey
   834 | D:2      | Noticed a fire dragon
   838 | D:2      | XOM: summons 2 friendly demons
   839 | D:2      | Killed from afar by a fire dragon (glowing shapeshifter)

Illustrated notes

Levels and vault maps discovered:
D:1:      lightli_arrival_flooded_house, layout_basic
D:2:      kennysheep_six_static_rooms, layout_rooms

Skill      XL: |  1 |
---------------+----+-----
Dodging        | 2 |  2.1
Fighting       | |  2.6
Unarmed Combat | |  3.5

Action                   || total
-------------------------++-------
Melee: Unarmed           ||    50
       Punch             ||     1
Armor: Robe              ||    18
Dodge: Dodged            ||    24
